 Dungeon Crawl Stone Soup version 0.30-a0-1035-g38d5fb2972 (webtiles) character file.

Game seed: 14116451664726606339

692 promet the Covered (level 7, -7/55 HPs)
             Began as a Formicid Fighter on Apr 8, 2023.
             Mangled by an ice beast (13 damage)
             ... on level 4 of the Dungeon.
             The game lasted 00:20:42 (5070 turns).

promet the Covered (Formicid Fighter)               Turns: 5070, Time: 00:20:43

Health: -7/55      AC: 11    Str: 21    XL:     7   Next: 95%
Magic:  7/7        EV:  8    Int:  9    God:
Gold:   282        SH:  5    Dex: 13    Spells: 6/6 levels left

rFire   . . .      SeeInvis +    a - +3 quarterstaff (chaos)
rCold   . . .      Faith    .    c - +0 buckler
rNeg    . . .      Spirit   .    s - +0 chain mail
rPois   +          Reflect  .    (helmet unavailable)
rElec   .          Rampage  .    n - +0 cloak
rCorr   .                        (no gloves)
Will    ++...                    (no boots) Stlth
                                 (no amulet)
HPRegen 0.29/turn                e - ring of willpower
MPRegen 0.10/turn                h - ring of poison resistance

@: no status effects
A: permanent stasis, dig shafts and tunnels, antennae 3, four strong arms,
strong-willed 1, wild magic 1
a: Dig, Shaft Self


You were on level 4 of the Dungeon.
You visited 1 branch of the dungeon, and saw 6 of its levels.

You collected 282 gold pieces.

Inventory:

Hand Weapons
 a - a +3 quarterstaff of chaos (weapon)
 q - a +0 long sword
Missiles
 g - 18 stones (quivered)
 i - 3 atropa-tipped darts
Armour
 c - a +0 buckler (worn)
 n - a +0 cloak (worn)
 s - a +0 chain mail (worn)
Jewellery
 e - a ring of willpower (left hand)
 f - a ring of magical power
 h - a ring of poison resistance (right hand)
 k - an amulet of magic regeneration
 m - an amulet of the acrobat
Scrolls
 b - a scroll of enchant weapon {unknown}
 r - a scroll of immolation
Potions
 d - a potion of might
 j - 4 potions of curing


   Skills:
 + Level 4.5 Fighting
 + Level 4.6 Long Blades
 + Level 1.6 Staves
 + Level 0.3 Throwing
 + Level 6.2 Armour
 + Level 1.4 Dodging
 + Level 0.5 Stealth
 + Level 5.2 Shields


You had 6 spell levels left.
You didn't know any spells.
Your spell library contained the following spells:

 Spells                   Type           Power      Damage    Failure   Level
 Cause Fear               Hex            0%         N/A       100%        4
 Dragon Form              Tmut           0%         N/A       100%        7
 Dragon's Call            Summ           0%         N/A       100%        9


Dungeon Overview and Level Annotations

Branches:
Dungeon (6/15)
 Temple: D:4-7

Altars:

Annotations:
D:5 Ijyb


Innate Abilities, Weirdness & Mutations

You cannot be hasted, slowed, berserked, paralysed or teleported.
You can dig through walls and to a lower floor.
You have a pair of large antennae on your head. (SInv)
Your four strong arms can wield two-handed weapons with a shield.
You are strong-willed. (Will+)
Your spells are a little harder to cast, but a little more powerful.


Message History

You hit the ice beast but do no damage.
The ice beast is severely wounded.
You block the hound's attack. The ice beast hits you.
* * * LOW HITPOINT WARNING * * *
The ice beast freezes you!
* * * LOW HITPOINT WARNING * * *
The hound closely misses you.
You feel much better. You block the ice beast's attack.
The hound bites you but does no damage.
You closely miss the ice beast.
The ice beast is severely wounded.
The hound barely misses you.
The ice beast hits you but does no damage.
The hound barely misses you.
You closely miss the ice beast.
The ice beast is severely wounded.
The hound bites you but does no damage. The ice beast hits you.
The ice beast freezes you! The hound bites you but does no damage.
The ice beast hits you but does no damage.
You hit the ice beast but do no damage.
The ice beast is severely wounded.
The hound bites you but does no damage.
The ice beast hits you but does no damage.
You block the hound's attack.
You thump the ice beast!
You feel better.
The ice beast is almost dead.
The hound bites you but does no damage. The ice beast hits you.
The ice beast freezes you!
* * * LOW HITPOINT WARNING * * *
You block the hound's attack.
You barely miss the hound.
The hound is heavily wounded.
You block the hound's attack.
The ice beast hits you but does no damage.
The hound bites you.
* * * LOW HITPOINT WARNING * * *
The ice beast hits you.
* * * LOW HITPOINT WARNING * * *
The ice beast freezes you!
You die...

##..........##..#......##
#.......................#
###...........#####.....##
...............###.......#
.......................### ##
...............#.....##.# #####.
..............###.)##...####.#...
................h.......[##.....#
##)...........#.@..............##
.##.........†....Y..............#
...........>..>.............####.
###..#...........................
# #..##...###....####.....#......
###.......##.....###....#######..
..#.......##......#...### #.##...
......................# #......
..................##..## ##......


You could see an ice beast and a hound (strong).

Vanquished Creatures
  A water moccasin (D:6)
  Duvessa (D:4)
  A black bear (D:4)
  Dowan (D:4)
  An orc priest (D:4)
  2 hounds
  Crazy Yiuf (D:3)
  2 iguanas
  2 orc wizards
  An adder (D:3)
  A gnoll (D:1)
  A white imp (D:5)
  A worm (D:3)
  2 dart slugs (D:1)
  13 orcs
  6 endoplasms
  5 giant cockroaches
  7 goblins
  5 hobgoblins
  4 jackals (D:1)
  5 kobolds
  7 ball pythons
  6 bats
  3 frilled lizards
  4 rats
83 creatures vanquished.

Notes
Turn   | Place    | Note
-------+----------+-------------------------------------------
     0 | D:1      | promet the Formicid Fighter began the quest for the Orb.
     0 | D:1      | Reached XP level 1. HP: 18/18 MP: 1/1
    57 | D:1      | Reached XP level 2. HP: 6/24 MP: 2/2
   508 | D:1      | Reached XP level 3. HP: 14/29 MP: 3/3
  1172 | D:1      | Reached skill level 4 in Armour
  1715 | D:2      | Gained mutation: Your body sometimes deteriorates upon
                  | taking damage. [potion of mutation]
  1715 | D:2      | Gained mutation: Your spells are a little harder to cast,
                  | but a little more powerful. [potion of mutation]
  1715 | D:2      | Lost mutation: Your body sometimes deteriorates upon taking
                  | damage. [potion of mutation]
  1715 | D:2      | Gained mutation: You are strong-willed. (Will+) [potion of
                  | mutation]
  1949 | D:2      | Reached XP level 4. HP: 36/36 MP: 4/4
  2321 | D:3      | You fall into a shaft and drop 3 floors!
  2336 | D:6      | Noticed a water moccasin
  2351 | D:6      | Killed a water moccasin
  2352 | D:6      | Reached XP level 5. HP: 18/42 MP: 5/5
  2577 | D:5      | Entered Level 5 of the Dungeon
  2606 | D:5      | Identified the +1 chain mail of Jeyluig {rElec rPois Dex-3}
  2640 | D:5      | Reached XP level 6. HP: 45/48 MP: 6/6
  2748 | D:4      | Reached skill level 5 in Armour
  2748 | D:4      | Reached skill level 1 in Dodging
  3106 | D:3      | Reached skill level 5 in Shields
  3527 | D:3      | Found a runed translucent door.
  3528 | D:3      | Noticed Crazy Yiuf
  3784 | D:3      | Killed Crazy Yiuf
  3785 | D:3      | Reached XP level 7. HP: 33/55 MP: 7/7
  3916 | D:4      | Noticed Dowan
  3918 | D:4      | Noticed Duvessa
  4083 | D:4      | Killed Duvessa
  4278 | D:3      | Reached skill level 6 in Armour
  4614 | D:4      | Killed Dowan
  4839 | D:4      | Reached skill level 1 in Staves
  5052 | D:5      | Noticed Ijyb
  5064 | D:4      | HP: 1/55 [ice beast (11)]
  5070 | D:4      | Mangled by an ice beast

Illustrated notes

Levels and vault maps discovered:
D:1:      shiori_arrival_elements, layout_loops_corners
D:2:      layout_basic, grunt_decor_one_mirror, grunt_decor_clamped, minmay_puff
D:3:      layout_rooms, hangedman_decor_push, uniq_crazy_yiuf_cottage
D:4:      layout_cave_pools, uniq_duvessa
D:5:      layout_rooms, kennysheep_little_box, minmay_temple_entry_mist,
          ebering_ghost_sewer_d, uniq_ijyb
D:6:      layout_basic, mainiacjoe_overflow_alcove_4, lemuel_crystal_altar,
          minmay_overflow_temple_star_quad, nemelex_spade_bored_becter,
          serial_shops, shop

Skill      XL: |  1  2  3  4  5  6  7 |
---------------+----------------------+-----
Armour         | 4 5 6 |  6.2
Long Blades    | 3 4 |  4.6
Fighting       | 4 |  4.5
Dodging        | 1 |  1.4
Shields        | 5 |  5.2
Staves         | 1 |  1.6
Throwing       | |  0.3
Stealth        | |  0.5

Action                     |  1- 3 |  4- 6 |  7- 9 || total
---------------------------+-------+-------+-------++-------
  Melee: Long sword        |   111 |   137 |       ||   248
         Quarterstaff      |       |       |    65 ||    65
  Throw: Stone             |       |     6 |    10 ||    16
Ability: Dig               |     1 |     4 |       ||     5
    Use: Potion            |     1 |       |     2 ||     3
         Scroll            |       |     5 |     1 ||     6
 Armour: Scale mail        |    60 |     9 |       ||    69
         Chain mail        |       |    64 |    55 ||   119
  Dodge: Dodged            |    69 |    58 |    32 ||   159
  Block: Buckler           |    25 |    51 |    21 ||    97

Table legend: (Time is in decaauts)
 A = Elapsed time spent in this place.
 B = Non-inter-level travel time spent in this place.
 C = Inter-level travel time spent in this place.
 D = Time resting spent in this place.
 E = Time spent auto-exploring this place.
 F = Levels seen in this place.
 G = Mean time per level.
                   A        B        C        D        E       F      G
               +--------+--------+--------+--------+--------+-----+--------+
         Total |   5162 |   5042 |    120 |   1483 |   1715 |   6 |  860.3 |
       Dungeon |   5162 |   5042 |    120 |   1483 |   1715 |   6 |  860.3 |
               +--------+--------+--------+--------+--------+-----+--------+

Top non-repeatable levels by time:
     D:3: 1568 daAuts
     D:1: 1371 daAuts
     D:2: 986 daAuts
     D:4: 865 daAuts
     D:6: 260 daAuts
     D:5: 110 daAuts
